 Dungeon Sprint DCSS version 0.29.0-11-gd7f09526c8 (webtiles) character file.

Game seed: 12298091406445984598

4029 Zeld the Severer (level 10, 0/101 HPs)
             Began as a Minotaur Berserker on Sept 6, 2022.
             Was the Champion of Trog.
             Slain by a shadow wraith (15 damage)
             ... in the Dungeon (Sprint VII: "The Pits").
             The game lasted 00:01:55 (1864 turns).

Zeld the Severer (Minotaur Berserker)               Turns: 1864, Time: 00:01:56

Health: 0/101      AC: 14    Str: 30    XL:     10   Next: 4%
Magic:  9/9        EV: 15    Int:  4    God:    Trog [******]
Gold:   0          SH:  0    Dex: 12    Spells: 9/9 levels left

rFire   . . .      SeeInvis .   a - +2 battleaxe (flame)
rCold   . . .      Faith    .   (shield currently unavailable)
rNeg    . . .      Spirit   .   b - +3 scale mail
rPois   .          Reflect  .   (helmet restricted)
rElec   .          Harm     .   n - +0 cloak
rCorr   .          Rampage  .   (no gloves)
Will    .....      NoTele   +   (no boots)
Stlth   ..........              (no amulet)
HPRegen 0.26/turn               k - +3 ring of strength
MPRegen 0.11/turn               m - +3 ring of dexterity

@: on berserk cooldown, slowed, very slow
A: horns 2, retaliatory headbutt
a: Renounce Religion, Berserk, Trog's Hand, Brothers in Arms


You were in the Dungeon.
You worshipped Trog.
Trog was exalted by your worship.
You visited 1 branch

Inventory:

Hand Weapons
 a - a +2 battleaxe of flaming (weapon)
 p - a +0 antimagic executioner's axe
Armour
 b - a +3 scale mail (worn)
 n - a +0 cloak (worn)
Jewellery
 k - a +3 ring of strength (left hand)
 m - a +3 ring of dexterity (right hand)
Scrolls
 j - a scroll of summoning
Potions
 c - 9 potions of curing
 d - 10 potions of heal wounds
 e - a potion of haste
 f - 4 potions of magic
 g - 3 potions of berserk rage
 i - 2 potions of invisibility
 l - a potion of resistance
 o - 2 potions of might


   Skills:
 + Level 13.5 Fighting
 * Level 17.0 Axes
 + Level 13.4 Armour
 + Level 12.0 Dodging


You had 9 spell levels left.
You didn't know any spells.
Your spell library was empty.

Dungeon Overview and Level Annotations

Branches:
Dungeon (1/1)

Altars:
Ashenzari
Cheibriados
Dithmenos
Elyvilon
Fedhas
Gozag
Hepliaklqana
Kikubaaqudgha
Makhleb
Nemelex Xobeh
Okawaru
Qazlal
Ru
Sif Muna
Trog
Uskayaw
Vehumet
Wu Jian
Xom
Yredelemnul
Zin
The Shining One
Jiyva
Lugonu


Innate Abilities, Weirdness & Mutations

You have a pair of horns on your head.
You reflexively headbutt those who attack you in melee.


Message History

You are no longer berserk.
You are exhausted.
You feel yourself slow down. Something barely misses you.
Something hits you but does no damage.
Deactivating autopickup; reactivate with Ctrl-A.
There is a huge open gate to the Metal Vault (Medium) here.
Something hits you! Something drains your vigour!
You feel as though you will be slow longer.
There is a huge open gate to the Metal Vault (Medium) here.
Something hits you but does no damage.
Something is blocking the gateway!
Something hits you! Something drains your vigour!
You feel as though you will be slow longer.
Something is blocking the gateway!
Something hits you. Something drains your vigour!
You feel as though you will be slow longer.
Something hits you. Something drains your vigour!
You feel as though you will be slow longer.
You barely miss something. Something hits you! Something drains your vigour!
You feel as though you will be slow longer.
You miss something. Your headbutt misses something.
Something barely misses you.
You slice something!! You burn something. Something hits you!
Something drains your vigour!
You feel as though you will be slow longer.
Something hits you!
* * * LOW HITPOINT WARNING * * *
You slice something!! You burn something. Your headbutt misses something.
Something hits you.
* * * LOW HITPOINT WARNING * * *
Something drains your vigour!
You feel as though you will be slow longer.
Blink to where?
Press: ? - help, Dir - move target
As you read the scroll of blinking, it crumbles to dust.
You close the door.
You start resting.
Something unseen opens the door.
You start resting.
Something hits you!
You die...

#_______...###########++######
##########)##................#
#.?(.')))'.##...)..#..#......#
##########.##..)).)..........+
#..........)'................+
#'#####)#####......#..#......#
#.#..#...'.##.........§......#
#.#..#...#.#####'#####''######
#.#..#####)##...@...##''#######
#.#..'...#)##.......##......'..
#.#.)'...†.##.......##..!...'..
#.#..########...<...##..†..##..
#.#.)[.).).##.......##..†###
#.#..#[))).##.......##).##
#'###########.......##'†#
#.))....#..###########...
#).###..#.############''#.


There were no monsters in sight!

Vanquished Creatures
  Urug (D)
  A flayed ghost (D)
  2 elephants (D)
  A demonic crawler (D)
  A freezing wraith (D)
  A red devil (D)
  Grinder (D)
  A tarantella (D)
  A jumping spider (D)
  A basilisk (D)
  A floating eye (D)
  Pargi (D)
  An orc warrior (D)
  An ice beast (D)
  A centaur (D)
  3 wights (D)
  2 jellies (D)
  A gnoll bouda (D)
  An orc priest (D)
  An orc wizard (D)
  4 gnolls (D)
  4 river rats (D)
  An adder (D)
  An ufetubus (D)
  A worm (D)
  7 orcs (D)
  An endoplasm (D)
  A giant cockroach (D)
  3 hobgoblins (D)
  A quokka (D)
  A frilled lizard (D)
49 creatures vanquished.

Vanquished Creatures (others)
  A sky beast (D)
1 creature vanquished.

Grand Total: 50 creatures vanquished

Notes
Turn   | Place    | Note
-------+----------+-------------------------------------------
     0 | D        | Zeld the Minotaur Berserker began the quest for the Orb.
     0 | D        | Reached XP level 1. HP: 19/19 MP: 0/0
    11 | D        | Noticed a tarantella
    11 | D        | Noticed a demonic crawler
    29 | D        | Reached skill level 4 in Axes
    29 | D        | Reached XP level 2. HP: 11/27 MP: 1/1
   218 | D        | Found a bloodstained altar of Trog.
   218 | D        | Found a shimmering blue altar of Sif Muna.
   218 | D        | Found a viscous altar of Jiyva.
   218 | D        | Found a hazy altar of Hepliaklqana.
   218 | D        | Found an opulent altar of Gozag.
   219 | D        | Found a glowing golden altar of the Shining One.
   219 | D        | Found a glowing silver altar of Zin.
   219 | D        | Found a basalt altar of Yredelemnul.
   219 | D        | Found a shimmering altar of Xom.
   219 | D        | Found an ornate altar of the Wu Jian Council.
   219 | D        | Found a sacrificial altar of Ru.
   219 | D        | Found a stormy altar of Qazlal.
   219 | D        | Found an iron altar of Okawaru.
   219 | D        | Found a sparkling altar of Nemelex Xobeh.
   219 | D        | Found a burning altar of Makhleb.
   219 | D        | Found a blossoming altar of Fedhas.
   219 | D        | Found a white marble altar of Elyvilon.
   219 | D        | Found a shadowy altar of Dithmenos.
   219 | D        | Found a snail-covered altar of Cheibriados.
   308 | D        | Found a radiant altar of Vehumet.
   308 | D        | Found a corrupted altar of Lugonu.
   352 | D        | Found a hide-covered altar of Uskayaw.
   352 | D        | Found an ancient bone altar of Kikubaaqudgha.
   352 | D        | Found a broken altar of Ashenzari.
   414 | D        | Noticed a floating eye
   419 | D        | Killed a floating eye
   419 | D        | Reached ** piety under Trog
   420 | D        | Reached skill level 7 in Axes
   420 | D        | Reached skill level 5 in Armour
   420 | D        | Reached XP level 3. HP: 37/37 MP: 2/2
   420 | D        | Reached XP level 4. HP: 44/44 MP: 3/3
   509 | D        | Noticed an orc warrior
   511 | D        | Reached skill level 5 in Dodging
   520 | D        | Reached skill level 8 in Axes
   521 | D        | Reached *** piety under Trog
   524 | D        | Killed an orc warrior
   525 | D        | Reached skill level 9 in Axes
   525 | D        | Reached XP level 5. HP: 52/52 MP: 4/4
   706 | D        | Noticed a sky beast
   707 | D        | Noticed a centaur
   711 | D        | Killed a sky beast
   712 | D        | Reached skill level 10 in Axes
   712 | D        | Reached XP level 6. HP: 60/60 MP: 5/5
   713 | D        | Reached **** piety under Trog
   719 | D        | Reached skill level 11 in Axes
   722 | D        | Reached ***** piety under Trog
   827 | D        | Noticed Pargi
   830 | D        | Killed Pargi
   831 | D        | Reached skill level 12 in Axes
   831 | D        | Reached XP level 7. HP: 70/70 MP: 6/6
  1005 | D        | Noticed Urug
  1016 | D        | Killed Urug
  1017 | D        | Reached skill level 10 in Fighting
  1017 | D        | Reached skill level 13 in Axes
  1017 | D        | Reached XP level 8. HP: 73/79 MP: 7/7
  1306 | D        | Noticed a red devil
  1306 | D        | Noticed a jumping spider
  1316 | D        | Killed a red devil
  1317 | D        | Reached skill level 14 in Axes
  1317 | D        | Reached skill level 10 in Armour
  1335 | D        | Killed a jumping spider
  1335 | D        | Reached ****** piety under Trog
  1335 | D        | Received a gift from Trog
  1336 | D        | Reached skill level 10 in Dodging
  1719 | D        | Noticed an elephant
  1731 | D        | Killed an elephant
  1732 | D        | Reached XP level 9. HP: 76/90 MP: 8/8
  1745 | D        | Received a gift from Trog
  1817 | D        | Noticed Grinder
  1824 | D        | Noticed a flayed ghost
  1828 | D        | Killed Grinder
  1829 | D        | Reached skill level 15 in Axes
  1829 | D        | Noticed a freezing wraith
  1832 | D        | Killed a demonic crawler
  1837 | D        | Killed a flayed ghost
  1837 | D        | Received a gift from Trog
  1838 | D        | Reached skill level 16 in Axes
  1839 | D        | Noticed an elephant
  1839 | D        | Killed a freezing wraith
  1844 | D        | Killed an elephant
  1845 | D        | Reached skill level 17 in Axes
  1845 | D        | Reached XP level 10. HP: 101/101 MP: 9/9
  1864 | D        | Slain by a shadow wraith

Illustrated notes

Levels and vault maps discovered:
D:        pitsprint [storerooms_1, entrance_room_1, metal_vault_4, armoury_1,
          mini_pit_1, grid_room_1, main_hall_1, silver_pit, the_coven_3,
          the_vestibule_1, steel_vault_3, golden_pit, hallway_of_sentries,
          crystal_vault_2, iron_vault_4, final_vault]

Skill      XL: |  1  2  3  4  5  6  7  8  9 |
---------------+----------------------------+-----
Fighting       | 4 6 7 9 10 11 13 | 13.5
Axes           | 4 7 9 10 12 13 14 17 | 17.0
Armour         | 3 5 6 7 8 9 11 13 | 13.4
Dodging        | 4 6 7 9 10 12 | 12.0

Action                   |  1- 3 |  4- 6 |  7- 9 | 10-12 || total
-------------------------+-------+-------+-------+-------++-------
Melee: Hand axe          |     5 |    16 |    29 |       ||    50
       Mace              |     3 |    15 |       |       ||    18
       Headbutt          |     1 |     4 |    12 |       ||    17
       Battleaxe         |       |       |    38 |     4 ||    42
Invok: Berserk           |     1 |     3 |     4 |       ||     8
  Use: Scroll            |       |       |       |     1 ||     1
Armor: Animal skin       |     1 |     2 |       |       ||     3
       Scale mail        |       |     8 |    33 |     2 ||    43
Dodge: Dodged            |     2 |    16 |    44 |     2 ||    64
